 Dungeon Sprint DCSS version 0.28-a0-872-g80cf8599ee (webtiles) character file.

Game seed: 10776561438641207333

317 tatocazan the Skirmisher (level 6, 0/55 HPs)
             Began as a Demonspawn Fighter on Nov 20, 2021.
             Was an Initiate of Okawaru.
             Slain by a gnoll sergeant (2 damage)
             ... in the Dungeon (Sprint IX: "|||||||||||||||||||||||||||||").
             The game lasted 00:01:29 (294 turns).

tatocazan the Skirmisher (Demonspawn Fighter)        Turns: 294, Time: 00:01:30

Health: 0/55       AC: 10    Str: 19    XL:     6   Next: 20%
Magic:  6/6        EV: 11    Int:  9    God:    Okawaru [......]
Gold:   0          SH:  5    Dex: 12    Spells: 5/5 levels left

rFire   . . .      SeeInvis .   a - +0 long sword
rCold   . . .      Faith    .   c - +0 buckler
rNeg    . . .      Spirit   .   p - +1 scale mail
rPois   .          Reflect  .   n - +0 helmet
rElec   .          Harm     .   (no cloak)
rCorr   .          Rampage  .   (no gloves)
Will    .....      NoTele   +   o - +0 pair of boots
Stlth   ..........              (no amulet)
HPRegen 0.18/turn               q - +2 ring of protection
MPRegen 0.10/turn               r - +2 ring of evasion

@: corroded, on berserk cooldown, hasted and slowed
A: sharp scales 1
a: Renounce Religion


You were in the Dungeon.
You worshipped Okawaru.
Okawaru was noncommittal.
You visited 1 branch

Inventory:

Hand Weapons
 a - a +0 long sword (weapon)
 m - a +1 broad axe of freezing
Armour
 b - a +0 scale mail
 c - a +0 buckler (worn)
 n - a +0 helmet (worn)
 o - a +0 pair of boots (worn)
 p - a +1 scale mail (worn)
Jewellery
 q - a +2 ring of protection (left hand)
 r - a +2 ring of evasion (right hand)
Wands
 l - a wand of acid (10)
Scrolls
 j - 2 scrolls of blinking
 k - 2 scrolls of amnesia
Potions
 d - a potion of invisibility
 e - 5 potions of curing
 f - 3 potions of heal wounds
 h - 4 potions of magic


   Skills:
 + Level 7.2 Fighting
 + Level 6.2 Long Blades
 + Level 6.6 Armour
 + Level 6.6 Shields


You had 5 spell levels left.
You didn't know any spells.
Your spell library was empty.

Dungeon Overview and Level Annotations

Branches:
Dungeon (1/1)

Altars:
Cheibriados
Dithmenos
Elyvilon
Fedhas
Gozag
Hepliaklqana
Kikubaaqudgha
Makhleb
Nemelex Xobeh
Okawaru
Qazlal
Ru
Sif Muna
Trog
Uskayaw
Vehumet
Wu Jian
Xom
Yredelemnul
Zin
The Shining One
Beogh
Jiyva
Lugonu


Innate Abilities, Weirdness & Mutations

You are partially covered in razor-sharp scales. (AC +1, Slay +1)


Message History

You feel stronger.
You regained 9 hp, and now have 49/55 hp.
MP restored: 6 You feel yourself speed up.
The acid dragon bites you! You block the acid dragon's attack.
The gnoll sergeant barely misses you. The acid dragon bites you.
The acid dragon claws you but does no damage.
You take 12 damage, and have 37/55 hp.
MASSIVE DAMAGE!!
You slash the acid dragon!
The acid dragon is severely wounded.
The gnoll sergeant barely misses you. The acid dragon closely misses you.
The acid dragon misses you.
You hit the acid dragon but do no damage.
The acid dragon is severely wounded.
The gnoll sergeant hits you from afar with a +0 spear.
The acid dragon spits acid at you. The splash of acid hits you!
The acid corrodes you!
You take 13 damage, and have 24/55 hp.
MASSIVE DAMAGE!!
You hit the acid dragon but do no damage.
The acid dragon is severely wounded.
The gnoll sergeant misses you. The acid dragon closely misses you.
The acid dragon claws you but does no damage.
You hit the acid dragon but do no damage.
The acid dragon is severely wounded.
The gnoll sergeant misses you. The acid dragon bites you!
* * * LOW HITPOINT WARNING * * *
The acid dragon closely misses you.
You take 8 damage, and have 16/55 hp.
You barely miss the acid dragon.
The acid dragon is severely wounded.
The gnoll sergeant hits you from afar with a +0 spear.
* * * LOW HITPOINT WARNING * * *
The acid dragon bites you!
* * * LOW HITPOINT WARNING * * *
The acid dragon closely misses you.
You take 14 damage, and have 2/55 hp.
MASSIVE DAMAGE!!
You hit the acid dragon.
The acid dragon is severely wounded.
The gnoll sergeant hits you from afar with a +0 spear.
You die... ▓▓▓▓▓▓▓▓▓▓▓▓▓▓▓▓▓▓▓▓▓▓▓▓ ....DgD@.....)..'_______ ▓▓▓▓▓▓▓▓▓▓▓▓▓▓▓▓▓▓▓▓▓▓▓▓

You could see 2 acid dragons and a gnoll sergeant.

Vanquished Creatures
  A yak (D)
  A scorpion (D)
  A killer bee (D)
  An iguana (D)
  An orc wizard (D)
  An adder (D)
  An endoplasm (D)
  A goblin (D)
  2 quokkas (D)
  A ball python (D)
  A ball python zombie (D)
  A rat (D)
13 creatures vanquished.

Notes
Turn   | Place    | Note
-------+----------+-------------------------------------------
     0 | D        | tatocazan the Demonspawn Fighter began the quest for the
                  | Orb.
     0 | D        | Reached XP level 1. HP: 18/18 MP: 1/1
   148 | D        | Noticed a scorpion
   148 | D        | Noticed an iguana
   152 | D        | Killed an iguana
   153 | D        | Reached skill level 4 in Fighting
   153 | D        | Gained mutation: You are partially covered in razor-sharp
                  | scales. (AC +1, Slay +1) [demonic ancestry]
   153 | D        | Reached XP level 2. HP: 17/25 MP: 2/2
   153 | D        | Reached XP level 3. HP: 20/30 MP: 3/3
   155 | D        | Killed a scorpion
   156 | D        | Reached skill level 5 in Fighting
   156 | D        | Reached XP level 4. HP: 26/39 MP: 4/4
   189 | D        | Found a snail-covered altar of Cheibriados.
   189 | D        | Found a shadowy altar of Dithmenos.
   189 | D        | Found a blossoming altar of Fedhas.
   189 | D        | Found an opulent altar of Gozag.
   190 | D        | Found a hazy altar of Hepliaklqana.
   191 | D        | Found a viscous altar of Jiyva.
   192 | D        | Found an ancient bone altar of Kikubaaqudgha.
   193 | D        | Found a corrupted altar of Lugonu.
   194 | D        | Found a burning altar of Makhleb.
   195 | D        | Found a sparkling altar of Nemelex Xobeh.
   196 | D        | Found an iron altar of Okawaru.
   197 | D        | Found a stormy altar of Qazlal.
   198 | D        | Found a sacrificial altar of Ru.
   199 | D        | Found a shimmering blue altar of Sif Muna.
   200 | D        | Found a bloodstained altar of Trog.
   201 | D        | Found a hide-covered altar of Uskayaw.
   202 | D        | Found a radiant altar of Vehumet.
   203 | D        | Found an ornate altar of the Wu Jian Council.
   204 | D        | Found a shimmering altar of Xom.
   205 | D        | Found a basalt altar of Yredelemnul.
   214 | D        | Became a worshipper of Warmaster Okawaru
   268 | D        | Noticed an acid dragon
   268 | D        | Noticed a gnoll sergeant
   268 | D        | Noticed an acid dragon
   268 | D        | Noticed a yak
   272 | D        | Reached skill level 5 in Armour
   272 | D        | Reached skill level 5 in Shields
   272 | D        | Reached XP level 5. HP: 46/46 MP: 5/5
   283 | D        | Reached skill level 6 in Fighting
   283 | D        | Reached skill level 5 in Long Blades
   287 | D        | Killed a yak
   288 | D        | Reached skill level 7 in Fighting
   288 | D        | Reached XP level 6. HP: 49/55 MP: 6/6
   293 | D        | HP: 2/55 [acid dragon (8)]
   294 | D        | Slain by a gnoll sergeant

Illustrated notes

Levels and vault maps discovered:
D:        linesprint [early_d, line_temple, items_1, d_10, items_2, lair_1,
          lair_end, items_3, orc_1, orc_end, items_4, d_15, swamp_1, shoals_1,
          snake_1, spider_1, d_20, vaults_1, items_5, swamp_end, shoals_end,
          snake_end, spider_end, vaults_end, d_27, items_6, zot_1, zot_end,
          crypt_end, forest_end, elf_end, slime_end, tomb_end, abyss_end,
          pan_hell_end]

Skill      XL: |  1  2  3  4  5 |
---------------+----------------+-----
Long Blades    | 3 4 6 |  6.2
Armour         | 3 4 5 6 |  6.6
Shields        | 3 4 5 6 |  6.6
Fighting       | 4 5 7 |  7.2

Action                   |  1- 3 |  4- 6 || total
-------------------------+-------+-------++-------
Melee: Long sword        |    22 |    25 ||    47
  Use: Potion            |     1 |     2 ||     3
Armor: Scale mail        |    10 |     8 ||    18
Dodge: Dodged            |     9 |    15 ||    24
Block: Buckler           |     2 |     2 ||     4

Table legend: (Time is in decaauts)
 A = Elapsed time spent in this place.
 B = Non-inter-level travel time spent in this place.
 C = Inter-level travel time spent in this place.
 D = Time resting spent in this place.
 E = Time spent auto-exploring this place.
 F = Levels seen in this place.
 G = Mean time per level.
                   A        B        C        D        E       F      G
               +--------+--------+--------+--------+--------+-----+--------+
         Total |    298 |    298 |      0 |    147 |      0 |   1 |  298.0 |
       Dungeon |    298 |    298 |      0 |    147 |      0 |   1 |  298.0 |
               +--------+--------+--------+--------+--------+-----+--------+

Top non-repeatable levels by time:
       D: 298 daAuts
